 Dungeon Crawl Stone Soup version 0.30-a0-953-g5f1da4a474 (webtiles) character file.

Game seed: 12907163623147008637

77550 senseless the Worldbinder (level 15, -9/56 HPs)
             Began as a Felid Summoner on Mar 27, 2023.
             Was the Champion of the Shining One.
             Mangled by a black mamba (15 damage)
             ... led by a naga ritualist
             ... on level 1 of the Snake Pit on Mar 28, 2023.
             The game lasted 03:15:31 (36138 turns).

senseless the Worldbinder (Felid Summoner)         Turns: 36138, Time: 03:15:33

Health: -9/56      AC:  3    Str:  4      XL:     15   Next: 15%
Magic:  17/34      EV: 22    Int: 30      God:    the Shining One [******]
Gold:   1887       SH:  0    Dex: 16 (17) Spells: 9/43 levels left
                                        Lives:  0   Deaths: 4

rFire   . . .      SeeInvis +      - Unarmed
rCold   + . .      Faith    .    (shield unavailable)
rNeg    + + +      Spirit   .    (body armour unavailable)
rPois   .          Reflect  .    (helmet unavailable)
rElec   .          Rampage  .    (cloak unavailable)
rCorr   .          Rage     3%   (gloves unavailable)
Will    ++...                    (boots unavailable)
Stlth   ++                       t - amulet of regeneration
HPRegen 1.09/turn                D - +6 ring of intelligence
MPRegen 0.24/turn                m - ring of wizardry

@: lethally poisoned (-9 -> -12), glowing, constricted, quick
A: very small, claws 1, fangs 3, see invisible, speed 1, shaggy fur 3, stealthy
paws, no weapons or thrown items, no armour, multi-lived, antennae 1, berserk 1
a: Renounce Religion, Divine Shield, Cleansing Flame, Summon Divine Warrior


You were on level 1 of the Snake Pit.
You worshipped the Shining One.
The Shining One was exalted by your worship.
You visited 6 branches of the dungeon, and saw 23 of its levels.
You also visited: Ossuary and Bailey.

You collected 2052 gold pieces.
You spent 165 gold pieces at shops.

Inventory:

Jewellery
 d - a ring of protection from fire
 m - a ring of wizardry (right paw)
 q - a +4 ring of protection
 t - an amulet of regeneration (around neck)
 u - a ring of flight
 v - a ring of willpower
 D - a +6 ring of intelligence (left paw)
 F - a ring of positive energy
 G - a +6 ring of dexterity
 H - a +6 ring of intelligence
Wands
 y - a wand of iceblast (11)
 A - a wand of flame (24)
 B - a wand of acid (2)
 E - a wand of digging (4)
Scrolls
 b - 9 scrolls of teleportation
 f - 6 scrolls of amnesia
 l - 7 scrolls of fog
 n - 2 scrolls of identify
 r - a scroll of silence
 s - a scroll of magic mapping
 x - a scroll of summoning
 z - 2 scrolls of fear
Potions
 a - 2 potions of magic
 c - 3 potions of berserk rage
 e - 4 potions of lignification
 g - 3 potions of brilliance
 h - 2 potions of might
 i - 2 potions of cancellation
 j - 6 potions of heal wounds
 k - 9 potions of curing
 o - 2 potions of attraction
 p - 3 potions of haste
 w - 4 potions of flight
 C - 2 potions of resistance


   Skills:
 - Level 1.8 Fighting
 + Level 12.6 Dodging
 - Level 6.0 Stealth
 - Level 2.1 Unarmed Combat
 + Level 14.5 Spellcasting
 - Level 2.9 Conjurations
 - Level 4.6 Hexes
 + Level 21.6 Summonings
 - Level 0.1 Air Magic


You had 9 spell levels left.
You knew the following spells:

 Your Spells              Type           Power      Damage    Failure   Level
a - Summon Small Mammal   Summ           100%       N/A       0%          1
b - Dragon's Call         Summ           50%        N/A       12%         9
c - Call Canine Familiar  Summ           100%       N/A       0%          3
d - Magic Dart            Conj           100%       1d8       1%          1
e - Summon Cactus Giant   Summ           50%        N/A       1%          6
f - Summon Guardian Gole  Hex/Summ       79%        N/A       1%          3
g - Summon Hydra          Summ           50%        N/A       1%          7
h - Summon Lightning Spi  Summ/Air       72%        N/A       1%          4

Your spell library contained the following spells:

 Spells                   Type           Power      Damage    Failure   Level
 Call Imp                 Summ           100%       N/A       0%          2
 Freeze                   Ice            84%        1d9       1%          1
 Necrotise                Necr           84%        1d8       1%          1
 Sandblast                Erth           42%        2d11      1%          1
 Sting                    Tmut/Pois      84%        1d7       1%          1
 Blink                    Tloc           42%        N/A       1%          2
 Cigotuvi's Dreadful Rot  Necr/Pois/Air  44%        N/A       1%          2
 Ensorcelled Hibernation  Hex/Ice        70%        N/A       1%          2
 Lesser Beckoning         Tloc           42%        N/A       1%          2
 Momentum Strike          Conj/Tloc      60%        3d9       1%          2
 Passwall                 Tmut/Erth      17%        N/A       1%          2
 Poisonous Vapours        Pois/Air       44%        N/A       1%          2
 Scorch                   Fire           42%        2d7       1%          2
 Searing Ray              Conj           78%        2d7       1%          2
 Sublimation of Blood     Necr           21%        N/A       1%          2
 Wereblood                Tmut           21%        N/A       1%          2
 Stone Arrow              Conj/Erth      60%        3d10      1%          3
 Cause Fear               Hex            24%        N/A       1%          4
 Fulminant Prism          Conj/Hex       22%        3d12      1%          4
 Gell's Gravitas          Tloc           21%        N/A       2%          3
 Spider Form              Tmut/Pois      21%        N/A       2%          3
 Teleport Other           Tloc           21%        N/A       2%          3
 Vampiric Draining        Necr           21%        2d7       2%          3
 Vhi's Electric Charge    Tloc/Air       44%        N/A       2%          3
 Anguish                  Hex/Necr       17%        N/A       3%          4
 Flame Wave               Conj/Fire      30%        2d9       4%          4
 Dispel Undead            Necr           21%        3d11      9%          4
 Olgreb's Toxic Radiance  Pois           21%        N/A       9%          4
 Petrify                  Tmut/Erth      21%        N/A       9%          4
 Arcjolt                  Conj/Air       15%        1d25      13%         5
 Irradiate                Conj/Tmut      15%        3d16      13%         5
 Agony                    Necr           21%        N/A       24%         5
 Death Channel            Necr           10%        N/A       77%         6
 Dispersal                Tloc           10%        N/A       77%         6
 Simulacrum               Ice/Necr       10%        N/A       77%         6
 Dragon Form              Tmut           10%        N/A       99%         7
 Maxwell's Capacitive Co  Air            11%        ∞         100%        8


Dungeon Overview and Level Annotations

Branches:
Dungeon (13/15)            Temple (1/1) D:7            Lair (5/5) D:9
  Swamp (1/4) Lair:3        Snake (1/4) Lair:3        Slime (0/5) Lair:4
    Orc (2/2) D:12            Elf (0/3) Orc:2        Vaults (0/5) D:13
Ossuary (visited)          Bailey (visited)

Altars:
Ashenzari
Cheibriados
Dithmenos
Elyvilon
Fedhas
Gozag
Hepliaklqana
Kikubaaqudgha
Makhleb
Nemelex Xobeh
Okawaru
Qazlal
Ru
Sif Muna
Trog
Uskayaw
Vehumet
Wu Jian
Xom
Yredelemnul
Zin
The Shining One
Ignis
Jiyva

Shops:
D:2 (   D:3 =   D:4 *   D:5 =**   D:11 (   D:12 (   Orc:2 (=**

Annotations:
Snake:1 Donald


Innate Abilities, Weirdness & Mutations

You have sharp claws.
You have razor-sharp teeth.
You have supernaturally acute eyesight. (SInv)
You cover ground quickly. (Speed+)
Your thick and shaggy fur keeps you warm. (AC +3, rC+)
Your paws help you pounce on unaware monsters.
You are incapable of wielding weapons or throwing items.
You cannot wear armour.
You gain extra lives every three experience levels.
You have a pair of small antennae on your head.
You sometimes lose your temper in combat.


Message History

The black mamba bites your cactus giant!
Flame seeps out of your guardian golem.
Donald barely misses your guardian golem.
Your guardian golem is engulfed in blazing flames.
Flame seeps out of your guardian golem. The black mamba bites you!
The anaconda's grasp on you weakens, but your attempt to escape fails.
You feel sick.
You are more poisoned.
The anaconda misses you. The anaconda constricts you.
The black mamba closely misses you. The black mamba barely misses you.
The anaconda bites you. The anaconda constricts you.
The black mamba is struck by your cactus giant's spines.
The black mamba dies!
The black mamba misses you.
You feel much better.
You feel sick.
You are more poisoned.
The black mamba closely misses you. The anaconda completely misses you.
The anaconda constricts you. The black mamba bites you!
The black mamba misses you. The anaconda bites you!
* * * LOW HITPOINT WARNING * * *
The anaconda constricts you.
* * * LOW HITPOINT WARNING * * *
The black mamba closely misses you.
Your cactus giant closely misses the black mamba.
Donald says, "First nagas, now salamanders.
What's next, crocodiles with mirrors on their heads?"
Your warg completely misses the anaconda.
You feel much better.
You feel sick.
You are more poisoned.
The black mamba bites you but does no damage.
The anaconda bites you!
* * * LOW HITPOINT WARNING * * *
The anaconda constricts you.
* * * LOW HITPOINT WARNING * * *
The black mamba closely misses you.
Donald is struck by your cactus giant's spines.
Donald hits your cactus giant with a +0 broad axe!!
Flame seeps out of your guardian golem.
Your warg bites the anaconda but does no damage.
The black mamba bites you!
You die...

#....#...
####........
#.#.........
#........... #
#..#....N...
#.##......@....
##......9hC.....
.......SSS......
##.....<@.......
#..............
#..............
...............#
#.#......#.#####
# ##########


You could see Donald (fast, strong, reflecting), an anaconda (ally target), a
naga ritualist (toxic aura), 2 black mambas, a friendly cactus giant (summoned,
sheltered), a friendly guardian golem (summoned, inner flame) and a friendly
warg (summoned, sheltered).

Vanquished Creatures
  A death yak (Lair:5)
  A blink frog (Lair:5)
  A fire elemental (Bailey)
  An ogre (Orc:2)
  A wolf (Lair:1)
  A human zombie (Ossuary)
  An adder (D:2)
  2 worms
  An orc (D:4)
  6 bats
  An endoplasm (D:3)
  A giant cockroach (D:1)
  2 hobgoblins (D:1)
  A jackal (D:1)
  2 kobolds
  A quokka (D:4)
  A frilled lizard (D:2)
  2 goblins
  A rat (D:1)
  A rat zombie (Ossuary)
29 creatures vanquished.

Vanquished Creatures (collateral kills)
  An acid blob (Lair:5)
  2 rockslimes (Lair:5)
  An orc warlord (Orc:1)
  2 quicksilver oozes (Lair:5)
  Nessos (Lair:4)
  An eleionoma (Swamp:1)
  3 nameless horrors
  4 dire elephants (Lair:5)
  3 great orbs of eyes (Lair:5)
  9 vault guards
  6 hydras
  2 ogre magi (Orc:2)
  4 catoblepae
  A centaur warrior (D:13)
  3 boulder beetles
  10 two-headed ogres
  2 tengu warriors (D:13)
  Urug (Lair:2)
  4 death yaks
  Amaemon (Lair:1)
  Nergalle (Lair:2)
  A spectral anaconda (Lair:5)
  A skyshark (Lair:5)
  2 spectral death yaks (Lair:5)
  2 deep trolls (Orc:2)
  A swamp dragon (shapeshifter) (D:13)
  4 necromancers (Lair:5)
  Pikel (D:7)
  A bog body (Lair:3)
  An obsidian statue (Lair:5)
  A deep elf pyromancer (D:10)
  2 orc sorcerers
  2 ugly things
  A manticore (D:12)
  7 elephants
  5 cyclopes
  2 torpor snails (Lair:4)
  An ice statue (Lair:3)
  6 black mambas
  Maggie (D:6)
  An orange demon (Lair:1)
  11 cane toads
  3 rime drakes
  4 kobold demonologists
  An unseen horror (D:11)
  12 komodo dragons
  A tengu conjurer (D:13)
  A freezing wraith (Lair:3)
  2 ice devils (Lair:3)
  4 polar bears
  11 trolls
  Prince Ribbit (Bailey)
  Grinder (D:6)
  7 dream sheep (Lair:5)
  9 blink frogs
  10 slime creatures
  3 wraiths
  2 shadows
  6 humans (Bailey)
  A dire elephant simulacrum (Lair:3)
  43 yaks
  15 fire elementals
  2 basilisks
  6 wyverns
  8 vampire mosquitoes
  A steam dragon (Lair:2)
  3 wargs
  Menkaure (D:4)
  3 nagas (Lair:3)
  2 acid dragons
  A spectral cane toad (Lair:5)
  15 water moccasins
  21 orc warriors
  4 black bears
  A swamp drake (D:12)
  2 sky beasts (D:7)
  An elephant zombie (Lair:5)
  17 ogres
  4 wolves (Lair:1)
  A centaur (D:7)
  2 phantoms (D:5)
  4 lemures (D:7)
  5 kobold brigands
  Blork the orc (D:4)
  27 bullfrogs
  2 elf zombies (Ossuary)
  2 gnoll sergeants
  4 scorpions
  3 cane toad simulacra
  7 wights
  3 killer bees (D:8)
  2 electric eels
  A howler monkey (D:8)
  5 hounds
  2 centaur zombies (Ossuary)
  14 jellies
  Crazy Yiuf (D:7)
  20 orc priests
  2 sleepcaps
  3 gnoll boudas
  22 orc wizards
  A spriggan simulacrum (Lair:3)
  2 mummies (Ossuary)
  27 gnolls
  9 adders
  2 white imps (D:7)
  An ufetubus (D:6)
  An adder zombie (Ossuary)
  8 dart slugs
  77 orcs
  6 ball pythons
  5 endoplasms
  7 giant cockroaches
  9 goblins
  3 hobgoblins (D:2)
  14 jackals
  7 quokkas
  5 bats
  6 frilled lizards
  8 hobgoblin zombies (Ossuary)
  A jackal zombie (Ossuary)
  35 kobolds
  8 kobold zombies (Ossuary)
  10 orc zombies (Ossuary)
  11 rats
  3 rat zombies (Ossuary)
  A butterfly (D:7)
745 creatures vanquished.

Vanquished Creatures (others)
  An orc warlord (Orc:2)
  A vault guard (Bailey)
  A tengu warrior (D:13)
  A death yak (D:9)
  An orc knight (Orc:2)
  2 yaks
  A human (Bailey)
  A basilisk (Lair:4)
  An orc warrior (D:9)
  A wolf (Lair:3)
  A bullfrog (Bailey)
  An orc wizard (D:4)
  A polar bear simulacrum (Lair:3)
  A gnoll (D:9)
  A naga simulacrum (Lair:3)
  A white imp (Lair:3)
  2 bushes (Lair:5)
  35 fungi
  18 plants
  30 withered plants (Lair:5)
102 creatures vanquished.

Grand Total: 876 creatures vanquished

Notes
Turn   | Place    | Note
-------+----------+-------------------------------------------
     0 | D:1      | senseless the Felid Summoner began the quest for the Orb.
     0 | D:1      | Reached XP level 1. HP: 7/7 MP: 4/4
   302 | D:1      | Reached XP level 2. HP: 9/11 MP: 3/6
   743 | D:1      | Learned a level 2 spell: Call Imp
   763 | D:1      | Reached XP level 3. HP: 13/14 MP: 0/7
  1037 | D:1      | Learned a level 3 spell: Call Canine Familiar
  1072 | D:1      | You fall into a shaft and drop 1 floor!
  1364 | D:2      | Found a faded altar of an unknown god.
  1373 | D:2      | Prayed at the altar of an unknown god.
  1373 | D:2      | Became a worshipper of Ignis, the Dying Flame
  1421 | D:2      | Reached XP level 4. HP: 12/18 MP: 3/9
  2129 | D:2      | Found Zouwka Xuple's Weapon Shoppe.
  2301 | D:2      | Identified a scroll of acquirement
  2301 | D:2      | Acquired a book of Conjurations
  2305 | D:2      | Learned a level 1 spell: Magic Dart
  2568 | D:3      | Reached skill level 5 in Summonings
  2600 | D:3      | Found Ompycung's Jewellery Shop.
  3277 | D:3      | Found a hide-covered altar of Uskayaw.
  3352 | D:3      | Reached XP level 5. HP: 21/21 MP: 10/10
  3655 | D:3      | Identified the +10 flail of Evisceration {flame, *Rage
                  | Will+ Int+3}
  3819 | D:4      | Reached skill level 1 in Unarmed Combat
  3823 | D:4      | Gained mutation: You are covered in thick fur. (AC +2)
                  | [Felid growth]
  3823 | D:4      | Reached XP level 6. HP: 24/24 MP: 4/12
  3918 | D:4      | Noticed Menkaure
  3977 | D:4      | Reached skill level 6 in Summonings
  3986 | D:4      | Found a sand-covered staircase.
  3995 | Ossuary  | Entered an ossuary
  4333 | Ossuary  | Reached skill level 1 in Fighting
  4333 | Ossuary  | Reached XP level 7. HP: 28/28 MP: 3/14
  4510 | D:4      | Noticed Blork the orc
  4520 | D:4      | Killed Blork the orc
  4521 | D:4      | Reached skill level 7 in Summonings
  4823 | D:4      | Killed Menkaure
  5139 | D:4      | Found Gubluhupn's Serpentskin Sales.
  5281 | D:4      | Reached XP level 8. HP: 32/32 MP: 3/16
  5286 | D:4      | Reached skill level 8 in Summonings
  5378 | D:4      | Learned a level 6 spell: Summon Cactus Giant
  5565 | D:5      | Entered Level 5 of the Dungeon
  5587 | D:5      | Reached skill level 5 in Spellcasting
  5870 | D:5      | Found Mosygriedu's Specific Store.
  5871 | D:5      | Found Xof Qawk's General Store.
  6092 | D:5      | Reached skill level 9 in Summonings
  6279 | D:5      | Found Moaxyuhi's Jewellery Emporium.
  6350 | D:5      | Learned a level 3 spell: Summon Guardian Golem
  6388 | D:6      | Noticed Grinder
  6551 | D:6      | Noticed Maggie
  6564 | D:6      | Killed Maggie
  6681 | D:6      | Acquired a ring of wizardry
  6724 | D:6      | Reached XP level 9. HP: 35/35 MP: 5/19
  6849 | D:6      | Paralysed by Grinder for 3 turns
  6878 | D:6      | Killed Grinder
  6879 | D:6      | Reached skill level 10 in Summonings
  7115 | D:6      | Reached skill level 1 in Hexes
  7919 | D:7      | Found a stormy altar of Qazlal.
  8061 | D:7      | Found a staircase to the Ecumenical Temple.
  8076 | D:7      | Reached skill level 11 in Summonings
  8177 | D:7      | Noticed Pikel
  8195 | D:7      | Killed Pikel
  8384 | D:7      | Identified the +7 flail of Paper {freeze, rF+ rCorr Int+2
                  | Dex-4}
  8591 | D:7      | Found a runed translucent door.
  8592 | D:7      | Noticed Crazy Yiuf
  8855 | D:7      | Killed Crazy Yiuf
  8856 | D:7      | Reached XP level 10. HP: 39/39 MP: 18/22
  8942 | Temple   | Entered the Ecumenical Temple
  9253 | Temple   | Fell from the grace of Ignis
  9253 | Temple   | Became a worshipper of the Shining One
  9612 | D:7      | You fall into a shaft and drop 1 floor!
  9722 | D:8      | Reached skill level 12 in Summonings
  9899 | D:8      | Found a flagged portal.
  9929 | Bailey   | Entered a bailey
 10287 | Bailey   | Noticed Prince Ribbit
 10287 | Bailey   | Noticed a vault guard
 10293 | Bailey   | Killed Prince Ribbit
 10300 | Bailey   | Killed a vault guard
 10301 | Bailey   | Reached skill level 13 in Summonings
 10328 | Bailey   | Noticed a vault guard
 10339 | Bailey   | Killed a vault guard
 10450 | Bailey   | Mangled by a fire elemental
 10451 | Bailey   | Reached XP level 9. HP: -9/35 MP: 14/22
 10464 | Bailey   | HP: 1/35 [themself (18)]
 10747 | Bailey   | Reached XP level 10. HP: 23/39 MP: 11/23
 10845 | Bailey   | Killed by an exploding themself... ignited by their inner
                  | flame
 10846 | Bailey   | Reached XP level 9. HP: -2/35 MP: 17/23
 10937 | D:8      | Reached * piety under the Shining One
 11598 | D:8      | Was forgiven by Ignis
 11891 | D:9      | Noticed a death yak
 11891 | D:9      | Found a staircase to the Lair.
 12117 | D:9      | Reached skill level 14 in Summonings
 12375 | D:9      | Noticed a kobold demonologist
 12379 | D:9      | Killed a kobold demonologist
 12380 | D:9      | Reached XP level 10. HP: 39/39 MP: 14/24
 12683 | D:9      | Noticed a death yak
 12689 | D:9      | Noticed a death yak
 12697 | D:9      | Killed a death yak
 12707 | D:9      | Killed a death yak
 12712 | D:9      | Killed a death yak
 12885 | D:9      | Reached skill level 10 in Spellcasting
 12993 | D:9      | Gained mutation: You occasionally lose the ability to read
                  | scrolls when taking damage. [potion of mutation]
 12993 | D:9      | Gained mutation: You sometimes lose your temper in combat.
                  | [potion of mutation]
 12993 | D:9      | Gained mutation: Your spells are a little easier to cast,
                  | but a little less powerful. [potion of mutation]
 13195 | D:10     | Entered Level 10 of the Dungeon
 13236 | D:9      | Reached ** piety under the Shining One
 13523 | D:10     | Noticed a deep elf pyromancer
 13530 | D:10     | Killed a deep elf pyromancer
 13531 | D:10     | Reached skill level 15 in Summonings
 13616 | D:10     | Learned a level 7 spell: Summon Hydra
 13749 | D:10     | Reached XP level 11. HP: 12/42 MP: 17/26
 15083 | D:11     | Found Dyoxesk's Weapon Emporium.
 15380 | D:11     | Found a shadowy altar of Dithmenos.
 15523 | D:12     | Reached skill level 16 in Summonings
 15528 | D:12     | Learned a level 4 spell: Summon Lightning Spire
 15608 | D:12     | Noticed a boulder beetle
 15617 | D:12     | Killed a boulder beetle
 15745 | D:12     | Reached *** piety under the Shining One
 16091 | D:12     | Noticed a boulder beetle
 16103 | D:12     | Killed a boulder beetle
 16260 | D:12     | Found Suesut's Antique Weapon Boutique.
 16289 | D:12     | Noticed a two-headed ogre
 16303 | D:12     | Killed a two-headed ogre
 16664 | D:12     | Noticed a red ugly thing
 16668 | D:12     | Killed a red ugly thing
 16669 | D:12     | Gained mutation: Your thick and shaggy fur keeps you warm.
                  | (AC +3, rC+) [Felid growth]
 16669 | D:12     | Reached XP level 12. HP: 46/46 MP: 8/28
 16899 | D:12     | Found a staircase to the Orcish Mines.
 17179 | D:13     | Noticed a two-headed ogre
 17184 | D:13     | Killed a two-headed ogre
 17315 | D:13     | Found a gate to the Vaults.
 17315 | D:13     | Noticed a vault guard
 17315 | D:13     | Noticed a vault guard
 17315 | D:13     | Noticed a vault guard
 17315 | D:13     | Noticed a vault guard
 17315 | D:13     | Noticed a vault guard
 17315 | D:13     | Noticed a vault guard
 17329 | D:12     | Killed a vault guard
 17530 | D:13     | Noticed a tengu warrior
 17539 | D:13     | Killed a tengu warrior
 17540 | D:13     | Reached skill level 17 in Summonings
 17721 | D:13     | Noticed a catoblepas
 17738 | D:13     | Killed a catoblepas
 17945 | D:13     | Killed a vault guard
 17957 | D:13     | Reached **** piety under the Shining One
 18211 | D:13     | Noticed a vault guard
 18217 | D:13     | Killed a vault guard
 18264 | D:13     | Noticed a vault guard
 18781 | D:13     | Noticed a centaur warrior
 18785 | D:13     | Killed a vault guard
 18798 | D:13     | Mangled by a centaur warrior
 18799 | D:13     | Reached XP level 11. HP: -12/43 MP: 1/27
 18859 | D:13     | Killed a centaur warrior
 18865 | D:13     | Killed a vault guard
 18988 | D:13     | Noticed a boulder beetle
 19002 | D:13     | Killed a vault guard
 19005 | D:13     | Killed a boulder beetle
 19219 | D:13     | Upgraded the game from 0.30-a0-949-g53dc5368d7 to
                  | 0.30-a0-953-g5f1da4a474
 19224 | D:13     | Killed a vault guard
 19225 | D:13     | Reached XP level 12. HP: 46/46 MP: 10/29
 19373 | D:13     | Killed a vault guard
 19374 | D:13     | Reached skill level 18 in Summonings
 19462 | D:13     | Noticed a tengu warrior
 19463 | D:13     | Noticed a tengu warrior
 19475 | D:13     | Killed a tengu warrior
 19476 | D:13     | Reached skill level 5 in Stealth
 19476 | D:13     | Reached skill level 1 in Conjurations
 19482 | D:13     | Killed a tengu warrior
 19483 | D:13     | Reached skill level 5 in Dodging
 19890 | Lair:1   | Entered Level 1 of the Lair of Beasts
 20339 | Lair:1   | Noticed Amaemon
 20352 | Lair:1   | Killed Amaemon
 20469 | Lair:1   | Found an opulent altar of Gozag.
 20673 | Lair:1   | You fall into a shaft and drop 1 floor!
 21404 | Lair:1   | Learned a level 9 spell: Dragon's Call
 21940 | Lair:2   | Noticed Nergalle
 21945 | Lair:2   | Killed Nergalle
 22087 | Lair:2   | Noticed Urug
 22096 | Lair:2   | Killed Urug
 22189 | Lair:2   | Noticed a catoblepas
 22193 | Lair:2   | Killed a catoblepas
 22519 | Lair:2   | Noticed a five-headed hydra
 22525 | Lair:2   | Killed a five-headed hydra
 22567 | Lair:2   | Identified the +1 triple sword "Direrydghu" {drain, rF+}
 23222 | Lair:3   | Reached XP level 13. HP: 49/49 MP: 16/30
 23686 | Lair:3   | Lost mutation: You occasionally lose the ability to read
                  | scrolls when taking damage. [potion of mutation]
 23686 | Lair:3   | Lost mutation: Your spells are a little easier to cast, but
                  | a little less powerful. [potion of mutation]
 23686 | Lair:3   | Gained mutation: You have a pair of small antennae on your
                  | head. [potion of mutation]
 24039 | Lair:3   | Found a staircase to the Swamp.
 24321 | Lair:3   | Reached ***** piety under the Shining One
 24628 | Lair:3   | Found a staircase to the Snake Pit.
 25105 | Lair:3   | Got Vokeaz's Almanac of the Tundra
 25901 | Lair:4   | Reached skill level 19 in Summonings
 26360 | Lair:4   | Reached XP level 14. HP: 53/53 MP: 31/31
 26535 | Lair:4   | Noticed Nessos
 26565 | Lair:4   | Killed Nessos
 26708 | Lair:4   | Found a staircase to the Slime Pits.
 26708 | Lair:4   | Found a viscous altar of Jiyva.
 27127 | Lair:4   | Reached skill level 20 in Summonings
 27572 | Lair:5   | Entered Level 5 of the Lair of Beasts
 27750 | Lair:5   | Noticed a rockslime
 27750 | Lair:5   | Noticed a rockslime
 27754 | Lair:5   | Noticed an acid blob
 27754 | Lair:5   | Noticed a quicksilver ooze
 27755 | Lair:5   | Killed a rockslime
 27757 | Lair:5   | Killed a quicksilver ooze
 27767 | Lair:5   | Killed a rockslime
 27774 | Lair:5   | Killed an acid blob
 27775 | Lair:5   | Noticed a quicksilver ooze
 27777 | Lair:5   | Killed a quicksilver ooze
 27779 | Lair:5   | Found a viscous altar of Jiyva.
 28277 | Lair:5   | Reached XP level 15. HP: 56/56 MP: 19/33
 28352 | Lair:5   | Reached skill level 10 in Dodging
 29924 | Orc:1    | Entered Level 1 of the Orcish Mines
 30275 | Orc:2    | Entered Level 2 of the Orcish Mines
 30275 | Orc:2    | Found Vaajoaj's Jewellery Shoppe.
 31087 | Orc:1    | Reached ****** piety under the Shining One
 31878 | Orc:2    | The Shining One protects you from harm!
 31976 | Orc:2    | Slain by a troll
 31977 | Orc:2    | Reached XP level 14. HP: -1/53 MP: 32/32
 32021 | Orc:2    | Reached skill level 21 in Summonings
 32733 | Orc:2    | Found Dioxteo's Weapon Emporium.
 32738 | Orc:2    | Found Qemisk's General Store.
 32753 | Orc:2    | Found Sisaac's Assorted Antiques.
 32836 | Orc:2    | Killed an orc warlord
 33159 | Orc:2    | Bought a wooden ring for 165 gold pieces
 33490 | Orc:2    | Found a staircase to the Elven Halls.
 33892 | Swamp:1  | Entered Level 1 of the Swamp
 34881 | Lair:5   | Reached XP level 15. HP: 36/56 MP: 4/34
 36123 | Snake:1  | Entered Level 1 of the Snake Pit
 36127 | Snake:1  | Noticed Donald
 36137 | Snake:1  | HP: 2/56 [constriction[a naga ritualist] (3)]
 36138 | Snake:1  | Mangled by a black mamba

Illustrated notes

Levels and vault maps discovered:
D:1:      dpeg_arrival_rooms_a, layout_basic
D:2:      layout_loops_ring, serial_shops, shop,
          chequers_ecumenical_altar_simple_redux
D:3:      minmay_octagon_keep, layout_basic,
          nicolae_uskayaw_murder_on_the_dancefloor, serial_shops, shop
D:4:      layout_loops_ring, enter_ossuary_2, grunt_ministairs_12,
          guppyfry_shop_venom, uniq_blork_the_orc, uniq_menkaure
D:5:      layout_rooms, serial_shops, shop, nicolae_specific_store
D:6:      layout_basic, uniq_grinder, uniq_maggie
D:7:      layout_basic, mainiacjoe_overflow_six_doors_small,
          minmay_temple_entry_butterflies, uniq_crazy_yiuf_cottage, uniq_pikel
D:8:      layout_basic, enter_bailey_5
D:9:      layout_loops_ring, dpeg_lair_monsters
D:10:     layout_loops_ring, minmay_librarian
D:11:     layout_basic, serial_shops, shop, grunt_dithmenos_shadows
D:12:     layout_roguey, erik_orc_1, serial_shops, shop, serial_curves,
          eino_curves_02, eino_curves_04
D:13:     layout_layer_cave, erik_vaults_2
Temple:   mainiacjoe_temple_cubbyholes
Lair:1:   layout_layer_cave, basic_altar, st_stairs_12, beast_lair_carwin_9,
          infiniplex_staircase_pool, uniq_amaemon
Lair:2:   layout_roguey, serial_bayou_shore_b, uniq_nergalle, uniq_urug
Lair:3:   dreamdust_isle_of_ice, layout_cave_pods, swamp_mist_pool,
          nicolae_snake_entry_squirm, beast_lair_carwin_1
Lair:4:   nzn_winding_woodlands_cross [nzn_winding_woodlands_5x15_zeroes,
          nzn_winding_woodlands_5x15_pool, nzn_winding_woodlands_5x15_crooked,
          nzn_winding_woodlands_5x15_default,
          nzn_winding_woodlands_15x15_killbox], layout_cave_pods, slime_entry_1,
          lemuel_fruit_fields, uniq_nessos
Lair:5:   due_jungle_book, layout_long_grid, special_room [special_room_jelly]
Swamp:1:  layout_basic_swamp, evilmike_swamp_ruin_house_1, swamp_pool4,
          uniq_jorgrun
Snake:1:  layout_cave_shapes, special_room, grunt_megastairs_4, uniq_donald
Orc:1:    layout_caves
Orc:2:    st_orc_open, layout_caves, gauntlet_entry_generic

Skill      XL: |  1  2  3  4  5  6  7  8  9 10 11 12 13 14 15 |
---------------+----------------------------------------------+-----
Stealth        | 3 4 6 |  6.0
Spellcasting   | 3 4 6 7 10 12 14 | 14.5
Summonings     | 5 6 7 9 14 15 16 18 19 21 | 21.6
Dodging        | 3 4 7 8 12 10 | 12.6
Unarmed Combat | 1 2 |  2.1
Fighting       | 1 |  1.8
Hexes          | 3 4 |  4.6
Conjurations   | 2 |  2.9
Air Magic      | |  0.1

Action                     |  1- 3 |  4- 6 |  7- 9 | 10-12 | 13-15 || total
---------------------------+-------+-------+-------+-------+-------++-------
  Melee: Unarmed           |    41 |    48 |    27 |    16 |    34 ||   166
         Bite              |     2 |     7 |     3 |     2 |     9 ||    23
         Punch             |       |       |     2 |     1 |     2 ||     5
   Cast: Summon Small Mamm |    50 |    38 |    36 |    12 |    13 ||   149
         Call Imp          |     7 |    11 |    23 |       |       ||    41
         Call Canine Famil |     7 |    25 |    50 |    79 |    86 ||   247
         Magic Dart        |       |    20 |     9 |     1 |       ||    30
         Summon Cactus Gia |       |       |    34 |    58 |    75 ||   167
         Summon Guardian G |       |       |    23 |    37 |    18 ||    78
         Summon Hydra      |       |       |       |    77 |   135 ||   212
         Summon Lightning  |       |       |       |     5 |       ||     5
         Dragon's Call     |       |       |       |       |     6 ||     6
  Evoke: Wand              |       |       |       |       |     2 ||     2
    Use: Scroll            |       |    14 |     9 |    10 |     4 ||    37
         Potion            |       |       |       |     1 |     4 ||     5
   Stab: Sleeping          |     1 |     1 |       |       |       ||     2
         Distracted        |     1 |     1 |     2 |       |       ||     4
 Armour: Skin              |     2 |     9 |    10 |    19 |     9 ||    49
  Dodge: Dodged            |    46 |    33 |    82 |    75 |   162 ||   398

Table legend: (Time is in decaauts)
 A = Elapsed time spent in this place.
 B = Non-inter-level travel time spent in this place.
 C = Inter-level travel time spent in this place.
 D = Time resting spent in this place.
 E = Time spent auto-exploring this place.
 F = Levels seen in this place.
 G = Mean time per level.
                   A        B        C        D        E       F      G
               +--------+--------+--------+--------+--------+-----+--------+
         Total |  32950 |  30686 |   2264 |   2979 |  22243 |  25 | 1318.0 |
       Dungeon |  16558 |  15179 |   1379 |    895 |  11253 |  13 | 1273.7 |
        Temple |    287 |    238 |     49 |      0 |    231 |   1 |  287.0 |
          Lair |  11196 |  10450 |    746 |    856 |   8166 |   5 | 2239.2 |
         Swamp |      8 |      8 |      0 |      0 |      0 |   1 |    8.0 |
     Snake Pit |     13 |     13 |      0 |      0 |      0 |   1 |   13.0 |
  Orcish Mines |   3446 |   3360 |     86 |   1136 |   1700 |   2 | 1723.0 |
       Ossuary |    464 |    464 |      0 |      0 |    201 |   1 |  464.0 |
        Bailey |    973 |    973 |      0 |     92 |    690 |   1 |  973.0 |
               +--------+--------+--------+--------+--------+-----+--------+

Top non-repeatable levels by time:
  Lair:5: 3473 daAuts
  Lair:3: 2435 daAuts
    D:12: 2258 daAuts
  Lair:4: 2198 daAuts
   Orc:1: 1958 daAuts
    D:13: 1924 daAuts
  Lair:2: 1597 daAuts
  Lair:1: 1491 daAuts
   Orc:2: 1487 daAuts
     D:1: 1372 daAuts
     D:7: 1338 daAuts
     D:8: 1266 daAuts
     D:3: 1240 daAuts
     D:4: 1225 daAuts
     D:9: 1175 daAuts
